 Dungeon Crawl Stone Soup version 0.17-a0-1642-gd4b747b (webtiles) character file.

112 nubinia the Sneak (level 4, 5/27 HPs)
             Began as an Octopode Fire Elementalist on Aug 8, 2015.
             Quit the game on level 3 of the Dungeon.
             The game lasted 00:08:30 (2965 turns).

nubinia the Sneak (Octopode Fire Elementalist)      Turns: 2965, Time: 00:08:30

Health: 5/27       AC:  1    Str:  7      XL:     4   Next: 93%
Magic:  1/7        EV: 12    Int: 15 (18) God:
Gold:   130        SH:  0    Dex: 12      Spells: 2 memorised, 5 levels left

rFire  . . .     SeeInvis .     h - +1 short sword (drain)
rCold  . . .     Clarity  .     (no shield)
rNeg   . . .     SustAt   .     (helmet restricted)
rPois  .         Gourm    .     (no amulet)
rElec  .         Spirit   .     (no ring)
rCorr  .         Warding  .     (no ring)
rMut   .         Stasis   .     (no ring)
MR     .....                    (no ring)
Stlth  ++++......               (no ring)
                                (no ring)
                                (no ring)
                                (no ring)

@: lethally poisoned (5 -> -13), flying, very slightly contaminated, hasted,
very quick, not resistant to hostile enchantments, stealthy
A: almost no armour, amphibious, 8 rings, constrict 8, camouflage 1, gelatinous
body 1
a: no special abilities


You were on level 3 of the Dungeon.
You were near starving.

You visited 1 branch of the dungeon, and saw 3 of its levels.

You collected 130 gold pieces.

Inventory:

Hand weapons
 h - a +1 short sword of draining (weapon)
Magical devices
 l - a wand of teleportation (6)
Scrolls
 c - a scroll of blinking {unknown}
 e - a scroll of identify {unknown}
 f - a scroll of teleportation {unknown}
 g - a scroll of amnesia {unknown}
 n - a scroll of remove curse {unknown}
Books
 a - a book of Flames

   Spells                             Type                      Level
   a - Flame Tongue                   Conjuration/Fire             1
   b - Throw Flame                    Conjuration/Fire             2
   c - Conjure Flame                  Conjuration/Fire             3
   d - Inner Flame                    Hexes/Fire                   3
   e - Sticky Flame                   Conjuration/Fire             4
   f - Fireball                       Conjuration/Fire             5
Comestibles
 b - 3 bread rations
 k - a meat ration
 m - a chunk of flesh


   Skills:
 + Level 0.6 Fighting
 + Level 0.2 Short Blades
 + Level 2.7 Dodging
 + Level 4.2 Stealth
 + Level 2.5 Spellcasting
 + Level 1.3 Conjurations
 + Level 3.7 Fire Magic


You had 5 spell levels left.
You knew the following spells:

 Your Spells              Type           Power        Failure   Level  Hunger
a - Flame Tongue          Conj/Fire      #....        10%         1    #......
b - Throw Flame           Conj/Fire      #.....       12%         2    ###....


Dungeon Overview and Level Annotations

Branches:
Dungeon (3/15)

Altars:
Okawaru

Annotations:
D:2 Ijyb
D:3 Grinder


Innate Abilities, Weirdness & Mutations

You cannot wear most types of armour.
You are amphibious.
You can wear up to eight rings at the same time.
You can use your tentacles to constrict eight enemies at once.
Your skin changes colour to match your surroundings (Stealth).
Your rubbery body absorbs attacks (AC +1).


Message History

You kill the worker ant!
You feel sick.
Drink which item? (? for menu, Esc to quit)
It was a potion of haste.
You feel yourself speed up.
* * * LOW HITPOINT WARNING * * *
You feel sick.
You are very lightly contaminated with residual magic.
Drink which item? (? for menu, Esc to quit)
It was a potion of degeneration.
There was something very wrong with that liquid.
You feel dopey.
* * * LOW HITPOINT WARNING * * *
You feel sick.
Drink which item? (? for menu, Esc to quit)
It was a potion of flight.
You feel very buoyant.
You fly up into the air.
* * * LOW HITPOINT WARNING * * *
You feel sick.
Are you sure you want to abandon this character and quit the game? (Confirm with "yes".)

####......# #.#.# #.#.....#...
..$(.....(# #.#.# #.#.......#.
###.......#
#.#.####.#....#..#. #.......#
#.............#..#.
#.......#####............###>#
.........................# .#
##.........###...........# .#
#...5.... #...........# ..
#@..........# . #†....<.....#
#...........# #........
#.####### #.# #.# #.#


There were no monsters in sight!

Vanquished Creatures
  Terence (D:3)
  A worker ant (D:3)
  2 adders (D:2)
  2 worms (D:2)
  A giant gecko (D:2)
  4 bats
  6 hobgoblins
  4 jackals (D:1)
  A quokka (D:2)
  2 giant cockroaches (D:2)
  2 giant newts
  3 goblins
  5 kobolds
  10 rats
44 creatures vanquished.

Notes
Turn   | Place    | Note
--------------------------------------------------------------
     0 | D:1      | nubinia the Octopode Fire Elementalist began the quest for the Orb.
     0 | D:1      | Reached XP level 1. HP: 11/11 MP: 3/3
   330 | D:1      | Reached XP level 2. HP: 17/17 MP: 5/5
  1326 | D:2      | Found an iron altar of Okawaru.
  1424 | D:2      | Reached XP level 3. HP: 21/21 MP: 3/6
  1462 | D:2      | Noticed Ijyb
  2175 | D:2      | Reached XP level 4. HP: 27/27 MP: 5/7
  2198 | D:2      | Learned a level 2 spell: Throw Flame
  2762 | D:3      | Noticed Grinder
  2830 | D:3      | Noticed Terence
  2848 | D:3      | Killed Terence
  2848 | D:3      | Reached skill level 4 in Stealth
  2965 | D:3      | Quit the game

Vault maps used:
D:1:      dpeg_arrival_rooms_with_view, hex_tiny
D:2:      old_standard_altar, uniq_iyjb
D:3:      uniq_terence, uniq_grinder

Action                   |  1- 3 |  4- 6 || total
-------------------------+-------+-------++-------
Melee: Unarmed           |    44 |       ||    44
       Short sword       |    14 |     6 ||    20
 Cast: Flame Tongue      |    35 |    16 ||    51
       Throw Flame       |       |     2 ||     2
  Use: Potion            |       |     3 ||     3
 Stab: Sleeping          |     7 |     2 ||     9
  Eat: Chunk             |     4 |     1 ||     5
